 Dungeon Crawl Stone Soup version 0.32-a0-868-g153ae1a8d6 (webtiles) character file.

Game seed: 5308494038944562859

448 Biggs the Shooter (level 7, -7/50 HPs)
             Began as a Coglin Hunter on Mar 28, 2024.
             Mangled by an iguana (10 damage)
             ... on level 5 of the Dungeon.
             The game lasted 00:03:39 (2744 turns).

Biggs the Shooter (Coglin Hunter)                   Turns: 2744, Time: 00:03:40

Health: -7/50      AC:  3    Str: 11    XL:     7   Next: 4%
Magic:  7/7        EV: 11    Int:  8    God:
Gold:   27         SH:  0    Dex: 20    Spells: 6/6 levels left

rFire   . . .        a - +2 sling {Ujjalroop}
rCold   . . .        d - +0 sling {HonĂ³rio}
rNeg    . . .        c - +0 leather armour
rPois   .            (no helmet)
rElec   .            (no cloak)
rCorr   .            (no gloves)
SInv    .            (no boots)
Will    .....        (amulet unavailable)
Stlth   ++           (ring unavailable)
HPRegen 0.28/turn    (ring unavailable)
MPRegen 0.10/turn    (no gizmo)

%: no passive effects
@: mighty, lethally poisoned (-7 -> -17), hasted, revving, very quick
A: off-hand wielding, slow wielding, warmup strikes, no jewellery
a: Invent Gizmo


You were on level 5 of the Dungeon.
You visited 1 branch of the dungeon, and saw 5 of its levels.

You collected 189 gold pieces.
You spent 162 gold pieces at shops.

Inventory:

Hand Weapons
 a - a +2 sling (weapon) {Ujjalroop}
 d - a +0 sling (offhand) {HonĂ³rio}
Armour
 c - a +0 leather armour (worn)
Scrolls
 b - a scroll of butterflies
 i - 2 scrolls of fog
 j - a scroll of noise
 m - 2 scrolls of fear
 o - a scroll of vulnerability
 q - a scroll of blinking
Potions
 h - a potion of resistance {unknown}
 l - 2 potions of attraction {unknown}
 n - 2 potions of brilliance {unknown}
 p - a potion of heal wounds {unknown}


   Skills:
 - Level 2.0 Fighting
 + Level 7.5 Ranged Weapons
 - Level 1.7 Dodging
 - Level 0.7 Stealth


You had 6 spell levels left.
You didn't know any spells.
Your spell library contained the following spells:

 Spells                   Type           Power      Damage    Failure   Level
 Freeze                   Ice            0%         1d3       50%         1
 Frozen Ramparts          Ice            0%         1d1       86%         3
 Hailstorm                Conj/Ice       0%         3d5       86%         3
 Animate Dead             Necr           0%         N/A       99%         4
 Borgnjor's Vile Clutch   Necr/Erth      0%         N/A       100%        5
 Death Channel            Necr           0%         N/A       100%        6


Dungeon Overview and Level Annotations

Branches:
Dungeon (5/15)
 Temple: D:4-7

Altars:
Hepliaklqana

Shops:
D:4 ?

Annotations:
D:5 Eustachio, Grinder


Innate Abilities, Weirdness & Mutations

You can wield a second weapon in your off-hand.
It takes a long time for you to wield or remove held weapons.
Your first few attacks do less damage.
You cannot equip rings or amulets.


Message History

Found a stone staircase leading up.
The iguana hisses angrily.
The iguana attacks as it pursues you! The iguana completely misses you.
Fire: a) +2 sling {Ujjalroop}
Press: ? - help, Q - select action Shift-Dir - straight line, f - scorpion
Aim: a scorpion (66% to hit)
You shoot a sling bullet. The sling bullet hits the scorpion.
The scorpion is moderately wounded.
You shoot a sling bullet.
The sling bullet barely misses the scorpion.
The iguana bites you but does no damage.
Fire: a) +2 sling {Ujjalroop}
Press: ? - help, Q - select action Shift-Dir - straight line, f/p - scorpion
Aim: a scorpion (moderately wounded, 66% to hit)
You shoot a sling bullet.
The sling bullet closely misses the scorpion.
You shoot a sling bullet.
The sling bullet hits the scorpion but does no damage.
The scorpion is moderately wounded.
The iguana bites you!
* * * LOW HITPOINT WARNING * * *
The scorpion closely misses you.
Unknown command.
It was a potion of cancellation.
You feel magically purged. The iguana bites you.
* * * LOW HITPOINT WARNING * * *
The scorpion barely misses you.
Unknown command.
It was a potion of haste.
You feel yourself speed up. The scorpion stings you.
* * * LOW HITPOINT WARNING * * *
You are lethally poisoned!
The scorpion poisons you!
The iguana hisses menacingly.
The iguana closely misses you.
It was a potion of might.
You feel very mighty all of a sudden.
* * * LOW HITPOINT WARNING * * *
You feel very sick. The scorpion completely misses you. The iguana bites you!
You die...

...... ##.?. .....
##.....
...#####.....#
##............
##...........#
#.......#....#
###.......#....##
##s...#..........#
#@l...#.##.......#
###......##..#.###
###........###
##.......>.
#..........
##.####..... ###
##....


You could see a scorpion and an iguana.

Vanquished Creatures
  A black bear (D:5)
  An ogre (D:3)
  A scorpion (D:4)
  2 hounds (D:4)
  3 gnolls (D:4)
  7 adders
  A dart slug (D:4)
  3 orcs
  7 bats
  6 endoplasms
  4 giant cockroaches
  5 goblins
  3 hobgoblins
  3 jackals (D:4)
  2 quokkas
  2 ball pythons (D:3)
  A frilled lizard (D:1)
  8 kobolds
  6 rats
66 creatures vanquished.

Notes
Turn   | Place    | Note
-------+----------+-------------------------------------------
     0 | D:1      | Biggs the Coglin Hunter began the quest for the Orb.
     0 | D:1      | Reached XP level 1. HP: 16/16 MP: 1/1
    56 | D:1      | Reached skill level 4 in Ranged Weapons
    56 | D:1      | Reached XP level 2. HP: 22/22 MP: 2/2
   725 | D:2      | Reached XP level 3. HP: 27/27 MP: 3/3
  1059 | D:2      | Found a hazy altar of Hepliaklqana.
  1466 | D:3      | Reached skill level 5 in Ranged Weapons
  1466 | D:3      | Reached XP level 4. HP: 23/33 MP: 4/4
  1571 | D:3      | Noticed an ogre
  1579 | D:3      | Killed an ogre
  1580 | D:3      | Reached XP level 5. HP: 38/38 MP: 5/5
  1879 | D:4      | Reached skill level 6 in Ranged Weapons
  1907 | D:4      | Reached XP level 6. HP: 39/44 MP: 6/6
  2239 | D:4      | Noticed an ice beast
  2304 | D:4      | Found Istruir's Magic Scroll Emporium.
  2313 | D:4      | Bought a scroll of identify for 24 gold pieces
  2313 | D:4      | Bought a scroll of identify for 24 gold pieces
  2313 | D:4      | Bought a scroll of identify for 24 gold pieces
  2313 | D:4      | Bought a scroll of blinking for 90 gold pieces
  2380 | D:4      | Reached skill level 7 in Ranged Weapons
  2618 | D:5      | Entered Level 5 of the Dungeon
  2618 | D:5      | Noticed a black bear
  2626 | D:5      | Killed a black bear
  2627 | D:5      | Reached XP level 7. HP: 27/50 MP: 7/7
  2714 | D:5      | Noticed Eustachio
  2718 | D:5      | Noticed Grinder
  2744 | D:5      | Mangled by an iguana

Illustrated notes

Levels and vault maps discovered:
D:1:      dpeg_arrival_tiny_a, layout_basic, minmay_tetromino_t2
D:2:      layout_basic, basic_altar
D:3:      layout_rooms, minmay_bisected
D:4:      layout_loops_ring, serial_shops, nicolae_square_shop,
          lightli_corner_chamber
D:5:      layout_cave_pools, bloody_makhleb, kennysheep_ying_yang, serial_shops,
          nicolae_shop_crystal, minmay_lizard_king, uniq_duvessa, uniq_edmund,
          uniq_pikel, uniq_ijyb, uniq_eustachio, uniq_grinder

Skill      XL: |  1  2  3  4  5  6 |
---------------+-------------------+-----
Ranged Weapons | 4 5 6 7 |  7.5
Fighting       | |  2.0
Dodging        | |  1.7
Stealth        | |  0.7

Action                     |  1- 3 |  4- 6 |  7- 9 || total
---------------------------+-------+-------+-------++-------
   Fire: Sling             |   144 |   202 |    26 ||   372
    Use: Scroll            |       |     5 |     1 ||     6
         Potion            |       |       |     3 ||     3
 Armour: Leather armour    |    17 |    25 |    13 ||    55
  Dodge: Dodged            |    16 |    24 |     7 ||    47

Table legend: (Time is in decaauts)
 A = Elapsed time spent in this place.
 B = Non-inter-level travel time spent in this place.
 C = Inter-level travel time spent in this place.
 D = Time resting spent in this place.
 E = Time spent auto-exploring this place.
 F = Levels seen in this place.
 G = Mean time per level.
                   A        B        C        D        E       F      G
               +--------+--------+--------+--------+--------+-----+--------+
         Total |   2773 |   2654 |    119 |      0 |   2275 |   5 |  554.6 |
       Dungeon |   2773 |   2654 |    119 |      0 |   2275 |   5 |  554.6 |
               +--------+--------+--------+--------+--------+-----+--------+

Top non-repeatable levels by time:
     D:2: 776 daAuts
     D:4: 769 daAuts
     D:1: 695 daAuts
     D:3: 403 daAuts
     D:5: 127 daAuts
